 Dungeon Crawl Stone Soup version 0.27-a0-1597-ge58577e147 (webtiles) character file.

Game seed: 1434575013130149673

2220488 hypergardens the Executioner (level 27, 208/208 HPs)
             Began as a Minotaur Fighter on July 20, 2021.
             Was the Champion of Makhleb.
             Escaped with the Orb
             ... and 4 runes on July 21, 2021!
             The game lasted 04:55:49 (78276 turns).

hypergardens the Executioner (Minotaur Fighter)    Turns: 78276, Time: 04:55:50

Health: 208/208    AC: 42    Str: 34    XL:     27
Magic:  27/27      EV: 10    Int: 12    God:    Makhleb [******]
Gold:   3787       SH: 36    Dex: 12    Spells: 26/26 levels left

rFire    + . .     SeeInvis +   a - +9 broad axe (freeze)
rCold    + . .     Faith    .   A - +18 shield of the Gong {rElec rN+ Will+ EV-5}
rNeg     + . .     Spirit   +   m - +11 gold dragon scales
rPois    +         Reflect  .   (helmet restricted)
rElec    +         Harm     .   E - +0 cloak "Huvurr" {Slay+2}
rCorr    .         Rampage  .   d - +2 pair of gloves
Will     +++++                  q - +1 pair of boots
Stlth    ..........             J - amulet "Kaghenam" {Spirit rPois Int+3 Slay+2 Stlth+}
HPRegen  0.44/turn              s - ring "Qaesekko" {Will++ AC+4 Int+3 Stlth-}
MPRegen  0.20/turn              g - ring "Diew Nuf" {Str+5 SInv}

@: no status effects
A: horns 2, retaliatory headbutt, beak, deformed body, frail 2, low mp 1,
strong-willed 1, mutation resistance 1, weak 1
0: Orb of Zot
}: 4/15 runes: serpentine, barnacled, silver, abyssal
a: Renounce Religion, Minor Destruction, Lesser Servant of Makhleb, Major
Destruction, Greater Servant of Makhleb


You escaped.
You worshipped Makhleb.
Makhleb was exalted by your worship.
You visited 10 branches of the dungeon, and saw 50 of its levels.
You visited the Abyss 2 times.
You visited 1 bazaar.
You also visited: Bailey and Ice Cave.

You collected 7783 gold pieces.
You spent 3996 gold pieces at shops.

Inventory:

Hand Weapons
 a - a +9 broad axe of freezing (weapon)
 b - the +9 hand crossbow "Kago Dutibigg" {elec, rElec rF++ Int+9 Dex-2}
   (You found it on level 3 of the Elven Halls)

   Any ammunition fired from it occasionally discharges a powerful burst of
   electricity upon striking a foe.
   Int:       It affects your intelligence (+9).
   Dex:       It affects your dexterity (-2).
   rF:        It greatly protects you from fire.
   rElec:     It insulates you from electricity.
 c - a +5 antimagic broad axe
Missiles
 W - 1719 bolts
Armour
 d - a +2 pair of gloves (worn)
 m - +11 gold dragon scales (worn)
 q - a +1 pair of boots (worn)
 A - the +18 shield of the Gong (worn) {rElec rN+ Will+ EV-5}
   (You found it on level 14 of the Dungeon)

   It is deafeningly noisy when blocking attacks.
   EV:        It affects your evasion (-5).
   rElec:     It insulates you from electricity.
   rN:        It protects you from negative energy.
   Will:      It increases your willpower.
 E - the +0 cloak "Huvurr" (worn) {Slay+2}
   (You bought it in a shop in a bazaar)

   Slay:      It affects your accuracy & damage with ranged weapons and melee
   (+2).
 Y - a +0 tower shield
Jewellery
 g - the ring "Diew Nuf" (right hand) {Str+5 SInv}
   (You took it off a deep elf annihilator on level 5 of the Vaults)

   [ring of see invisible]

   Str:       It affects your strength (+5).
   SInv:      It lets you see invisible.
 l - the ring of Namihir {Fly Int+3 Slay+4}
   (You bought it in a shop on level 2 of the Orcish Mines)

   [ring of slaying]

   Int:       It affects your intelligence (+3).
   Slay:      It affects your accuracy & damage with ranged weapons and melee
   (+4).
   Fly:       It grants you flight.
 s - the ring "Qaesekko" (left hand) {Will++ AC+4 Int+3 Stlth-}
   (You found it on level 5 of the Depths)

   [ring of protection]

   AC:        It affects your AC (+4).
   Int:       It affects your intelligence (+3).
   Will:      It greatly increases your willpower.
   Stlth:     It makes you less stealthy.
 I - a +4 ring of slaying
 J - the amulet "Kaghenam" (around neck) {Spirit rPois Int+3 Slay+2 Stlth+}
   (You acquired it on level 4 of the Lair of Beasts)

   [amulet of guardian spirit]

   It causes incoming damage to be divided between your reserves of health and
   magic.
   Int:       It affects your intelligence (+3).
   Slay:      It affects your accuracy & damage with ranged weapons and melee
   (+2).
   rPois:     It protects you from poison.
   Stlth:     It makes you more stealthy.
 R - the amulet of Lies {Reflect rC+ Str+7 SH+5}
   (You took it off a deep elf zephyrmancer on level 3 of the Elven Halls)

   [amulet of reflection]

   It reflects blocked missile attacks.
   Str:       It affects your strength (+7).
   rC:        It protects you from cold.
   SH:        It affects your SH (+5).
 V - a ring of willpower
 Z - a +6 ring of intelligence
Wands
 y - a wand of iceblast (64)
 B - a wand of paralysis (21)
 D - a wand of digging (10)
 K - a wand of acid (17)
 L - a wand of polymorph (18)
 M - a wand of mindburst (26)
 U - a wand of charming (56)
Scrolls
 f - 11 scrolls of teleportation
 h - 3 scrolls of immolation
 j - a scroll of magic mapping
 n - 4 scrolls of fear
 p - a scroll of blinking
 v - 3 scrolls of fog
 C - 30 scrolls of identify
 P - a scroll of silence
 Q - a scroll of summoning
Potions
 i - a potion of cancellation
 o - 2 potions of invisibility
 r - 12 potions of lignification
 t - a potion of magic
 u - 3 potions of berserk rage
 w - 2 potions of mutation
 x - 3 potions of ambrosia
 F - 3 potions of haste
 N - a potion of might
 O - 3 potions of resistance
 S - 13 potions of curing
 X - 4 potions of heal wounds
Miscellaneous
 e - a box of beasts
 k - a lightning rod (4/4)
 z - a phial of floods
 G - a condenser vane
 H - a phantom mirror


   Skills:
 + Level 24.0 Fighting
 + Level 25.6 Axes
 + Level 18.9 Crossbows
 + Level 22.4 Armour
 * Level 22.0 Dodging
 + Level 22.4 Shields
 - Level 11.7 Invocations
 - Level 12.0 Evocations


You had 26 spell levels left.
You didn't know any spells.
Your spell library contained the following spells:

 Spells                   Type           Power      Damage    Failure   Level
 Animate Skeleton         Necr           0%         N/A       91%         1
 Apportation              Tloc           0%         N/A       91%         1
 Beastly Appendage        Tmut           0%         N/A       91%         1
 Corona                   Hex            0%         N/A       91%         1
 Foxfire                  Conj/Fire      0%         2x1d4     91%         1
 Pain                     Necr           0%         1d4       91%         1
 Sandblast                Erth           0%         2d4       91%         1
 Passwall                 Tmut/Erth      0%         N/A       97%         2
 Poisonous Vapours        Pois/Air       0%         N/A       97%         2
 Slow                     Hex            0%         N/A       97%         2
 Wereblood                Tmut           0%         N/A       97%         2
 Call Canine Familiar     Summ           0%         N/A       99%         3
 Confusing Touch          Hex            0%         N/A       99%         3
 Conjure Flame            Conj/Fire      0%         6-21      99%         3
 Dazzling Flash           Conj/Hex       0%         N/A       99%         3
 Gell's Gravitas          Tloc           0%         N/A       99%         3
 Ignite Poison            Fire/Tmut/Pois 0%         N/A       99%         3
 Inner Flame              Hex/Fire       0%         N/A       99%         3
 Mephitic Cloud           Conj/Pois/Air  0%         N/A       99%         3
 Ozocubu's Armour         Ice            0%         N/A       99%         3
 Portal Projectile        Hex/Tloc       0%         N/A       99%         3
 Spider Form              Tmut/Pois      0%         N/A       99%         3
 Stone Arrow              Conj/Erth      0%         3d7       99%         3
 Teleport Other           Tloc           0%         N/A       99%         3
 Tukima's Dance           Hex            0%         N/A       99%         3
 Vampiric Draining        Necr           0%         2d6       99%         3
 Airstrike                Air            0%         N/A       100%        4
 Animate Armour           Summ/Erth      0%         N/A       100%        4
 Animate Dead             Necr           0%         N/A       100%        4
 Cause Fear               Hex            0%         N/A       100%        4
 Fulminant Prism          Conj/Hex       0%         3d6       100%        4
 Hailstorm                Conj/Ice       0%         3d3       100%        4
 Ice Form                 Ice/Tmut       0%         N/A       100%        4
 Iskenderun's Mystic Bla  Conj/Tloc      0%         2d3       100%        4
 Leda's Liquefaction      Hex/Erth       0%         N/A       100%        4
 Passage of Golubria      Tloc           N/A        N/A       100%        4
 Sticky Flame             Conj/Fire      0%         2d3       100%        4
 Summon Ice Beast         Ice/Summ       0%         N/A       100%        4
 Summon Lightning Spire   Summ/Air       0%         N/A       100%        4
 Agony                    Necr           0%         N/A       100%        5
 Alistair's Intoxication  Tmut/Pois      0%         N/A       100%        5
 Blade Hands              Tmut           0%         N/A       100%        5
 Bolt of Magma            Conj/Fire/Erth 0%         4d4       100%        5
 Borgnjor's Vile Clutch   Necr/Erth      0%         N/A       100%        5
 Excruciating Wounds      Necr           0%         N/A       100%        5
 Fireball                 Conj/Fire      0%         3d3       100%        5
 Freezing Cloud           Conj/Ice/Air   0%         6-21      100%        5
 Irradiate                Conj/Tmut      0%         3d14      100%        5
 Iskenderun's Battlesphe  Conj           0%         2d6       100%        5
 Lee's Rapid Deconstruct  Erth           0%         3d5*      100%        5
 Lightning Bolt           Conj/Air       0%         1d11      100%        5
 Metabolic Englaciation   Hex/Ice        0%         N/A       100%        5
 Summon Forest            Summ/Tloc      0%         N/A       100%        5
 Summon Mana Viper        Hex/Summ       0%         N/A       100%        5
 Yara's Violent Unravell  Hex/Tmut       0%         3d3       100%        5
 Death Channel            Necr           0%         N/A       100%        6
 Dispersal                Tloc           0%         N/A       100%        6
 Invisibility             Hex            0%         N/A       100%        6
 Iron Shot                Conj/Erth      0%         9d1       100%        6
 Shadow Creatures         Summ           N/A        N/A       100%        6
 Simulacrum               Ice/Necr       0%         N/A       100%        6
 Starburst                Conj/Fire      0%         8x6d3     100%        6
 Dragon Form              Tmut           0%         N/A       100%        7
 Haunt                    Necr/Summ      0%         N/A       100%        7
 Monstrous Menagerie      Summ           0%         N/A       100%        7
 Spellforged Servitor     Conj/Summ      0%         N/A       100%        7
 Storm Form               Tmut/Air       0%         N/A       100%        7
 Discord                  Hex            0%         N/A       100%        8
 Disjunction              Tloc           0%         N/A       100%        8
 Ignition                 Fire           0%         3d3       100%        8
 Infestation              Necr           0%         N/A       100%        8
 Lehudib's Crystal Spear  Conj/Erth      0%         10d2      100%        8
 Shatter                  Erth           0%         3d5*      100%        9


Dungeon Overview and Level Annotations

Branches:
Dungeon (15/15)            Temple (1/1) D:7            Lair (6/6) D:8
 Shoals (4/4) Lair:2        Snake (4/4) Lair:4        Slime (0/5) Lair:6
    Orc (2/2) D:9             Elf (3/3) Orc:2        Vaults (5/5) D:14
  Crypt (0/3) Vaults:2     Depths (5/5) D:15            Zot (5/5) Depths:5
 Bailey (visited)           IceCv (visited)

Altars:
Ashenzari
Cheibriados
Dithmenos
Elyvilon
Fedhas
Gozag
Hepliaklqana
Kikubaaqudgha
Makhleb
Nemelex Xobeh
Okawaru
Qazlal
Ru
Sif Muna
Trog
Uskayaw
Vehumet
Wu Jian
Xom
Yredelemnul
Zin
The Shining One
Beogh
Jiyva
Lugonu

Shops:
D:8 *   Orc:2 [[=[[   Elf:3 (   Snake:1 [:?*   Depths:2 [:=   Depths:4 (*=

Portals:
Hell: Depths:1 Depths:2 Depths:3 Depths:4 Depths:5
Abyss: Lair:6 Shoals:3 Zot:4 Depths:1 Depths:2 Depths:4
Pandemonium: Depths:2 Depths:3
Ziggurat: Depths:1

Annotations:
Lair:1 2 transporters
Lair:4 exclusion: oklob plant
Lair:5 1 runed translucent door, Isinocoe's ghost, journeyman VSEn
Elf:1 6 runed translucent doors


Innate Abilities, Weirdness & Mutations

You have a pair of horns on your head.
You reflexively headbutt those who attack you in melee.
You have a beak for a mouth.
Armour fits poorly on your strangely shaped body.
You are very frail. (-20% HP)
Your magical capacity is low. (-10% MP)
You are strong-willed. (Will+)
You are somewhat resistant to further mutation.
You are weak. (Str -2)


Message History

You climb upwards.
There is a stone staircase leading down here.
There is a stone staircase leading up here.
You climb upwards.
There is a stone staircase leading down here.
There is a stone staircase leading up, spattered with blood here.
You climb upwards.
There is a stone staircase leading down here.
You see here a +0 dagger.
You see here 16 poisoned darts.
There is a stone staircase leading up here.
You climb upwards.
There is a stone staircase leading down here.
An Orb Guardian comes into view.
You chop the Orb Guardian into pieces!!!
You freeze the Orb Guardian!
You headbutt the Orb Guardian, but do no damage.
You peck the Orb Guardian, but do no damage.
The Orb Guardian is severely wounded.
You block the Orb Guardian's attack.
SHROANNG!
You chop the Orb Guardian into pieces!!!
You freeze the Orb Guardian!
You kill the Orb Guardian!
Makhleb accepts your kill.
A sixfirhy comes into view.
You block the sixfirhy's attack.
PANG!
You slash the sixfirhy! You freeze the sixfirhy.
Your headbutt misses the sixfirhy. Your peck misses the sixfirhy.
The sixfirhy is heavily wounded.
You chop the sixfirhy into pieces!!! You freeze the sixfirhy!
You kill the sixfirhy!
Makhleb accepts your kill. A flood of memories washes over you.
Your Fighting skill increases to level 24!
Your Dodging skill increases to level 22!
There is a staircase leading out of the dungeon here.
You can't go down here!
You have escaped!

...........######.........# #.#
####.....#...⌠.....⌠###.### #.#
####...#...#...♣♣♣..###.# #.#
#......#.###.♣♣♣♣♣♣♣.##.# #.#
#.######..#..♣♣∩∩∩♣♣♣.#.# #.#
#.# #......∩...∩♣♣...# #.# #.#
#...♣♣♣.....♣♣♣..# #.#
#.#######..♣♣∩.♣.♣.∩♣♣..# #.#
...........♣♣∩.♣@♣......# #.#
#.######...♣♣∩.♣.♣.∩♣♣..# #.#
...........♣♣......♣♣♣..# #.#
#.#####......♣∩...∩♣♣...# #.#
#.#.........♣♣♣∩∩∩♣♣♣...# #.#
#.#.####.....♣♣♣♣♣♣♣...## #.#
#.#.# #...#....♣♣♣.[..## #.#
....###..###.⌠.....⌠.## #.#
.................###.########.#


There were no monsters in sight!

Vanquished Creatures
  3 dread liches (Zot:5)
  4 ancient liches
  6 orbs of fire (Zot:5)
  4 juggernauts
  Sojobo (Vaults:4)
  10 Killer Klowns (Zot:5)
  Xtahua (Vaults:2)
  Frederick (Vaults:5)
  4 curse toes
  Nikola (Elf:3)
  5 caustic shrikes (Depths:5)
  A profane servitor (Shoals:3)
  14 golden dragons
  4 electric golems
  26 Orb Guardians
  3 liches
  17 tentacled monstrosities
  6 quicksilver dragons
  Rupert (D:13)
  5 deep elf master archers (Elf:3)
  10 titans
  2 deep elf blademasters
  4 tentacled starspawn (Abyss:3)
  Frances (Shoals:1)
  10 death cobs
  5 sphinxes
  12 acid blobs (Zot:2)
  Agnes (Snake:4)
  5 tengu reavers
  2 krakens
  11 storm dragons
  6 draconian monks
  6 shadow dragons
  7 nagarajas
  A draconian knight (Zot:1)
  10 frost giants
  12 fire giants
  9 deep elf sorcerers
  Aizul (Depths:2)
  A balrug (Depths:5)
  A draconian scorcher (Zot:5)
  A ghost moth (shapeshifter) (Vaults:4)
  15 vault wardens
  2 iron dragons
  An orc warlord (D:14)
  4 draconian shifters
  Louise (Depths:4)
  4 draconian stormcallers
  19 very ugly things
  4 deep elf elementalists
  8 draconian annihilators
  11 ironbound preservers
  A spriggan defender (Depths:5)
  A reaper (Depths:2)
  13 stone giants
  3 war gargoyles
  A stone giant (shapeshifter) (Vaults:5)
  A juggernaut skeleton (D:15)
  3 vampire knights
  6 black draconians
  An entropy weaver (Vaults:4)
  12 deep elf annihilators
  12 green draconians
  9 white draconians
  2 deep elf demonologists
  A lorocyproca (Zot:1)
  The ghost of Froggeryz the Spry, a journeyman FeBe of Trog (Shoals:3)
  A starcursed mass (Abyss:3)
  7 red draconians
  2 spark wasps (Depths:5)
  4 purple draconians
  4 dire elephants
  24 yellow draconians
  A green death (Depths:3)
  3 merfolk javelineers
  A crystal guardian (Vaults:3)
  16 ettins
  Snorg (D:13)
  3 deep elf death magi
  6 fire dragons
  6 deep elf high priests
  5 merfolk impalers
  7 great orbs of eyes
  14 yaktaur captains
  11 ice dragons
  33 vault guards
  2 catoblepae
  3 peacekeepers
  4 boulder beetles
  Erolcha (D:13)
  5 naga warriors
  4 spriggan air magi
  9 ironbound thunderhulks
  An ogre mage (Orc:2)
  3 hydras
  4 alligator snapping turtles
  6 ironbound frosthearts
  2 merfolk avatars
  6 centaur warriors
  6 two-headed ogres
  6 anacondas
  10 deep troll earth magi
  9 satyrs
  A death knight (D:14)
  A vampire mage (Vaults:2)
  8 death yaks
  5 deep troll shamans
  14 tengu warriors
  6 thrashing horrors
  2 merfolk aquamancers
  5 ironbound beastmasters
  35 dancing weapons
  4 orc high priests
  5 spriggan berserkers
  8 shock serpents
  8 naga sharpshooters
  18 deep elf knights
  A sun demon (Depths:5)
  12 hell knights
  2 sixfirhies
  3 soul eaters
  8 iron trolls
  A spatial maelstrom (Abyss:3)
  13 sea snakes
  4 skeletal warriors
  5 wretched stars (Abyss:3)
  A gelid demonspawn (Depths:2)
  40 deep trolls
  8 glowing orange brains
  A shadow dragon zombie (Depths:4)
  4 naga ritualists
  4 flayed ghosts
  4 lindwurms
  18 orc knights
  A torturous demonspawn (Depths:3)
  13 deep elf archers
  A bog body (Shoals:4)
  7 wizards
  27 deep elf pyromancers
  4 phantasmal warriors
  14 ironbound convokers
  20 harpies
  19 deep elf zephyrmancers
  6 necromancers
  A frost giant zombie (Depths:1)
  3 oklob plants (Zot:2)
  8 mana vipers
  3 salamanders
  23 fauns
  10 orc sorcerers
  A moth of wrath (shapeshifter) (Elf:2)
  A stone giant zombie (Depths:1)
  7 cyclopes
  15 manticores
  47 ugly things
  18 merfolk sirens
  22 moths of wrath
  A stone giant skeleton (D:15)
  A worldbinder (Shoals:3)
  3 guardian serpents
  2 ice statues (IceCv)
  A fire giant skeleton (Depths:1)
  21 black mambas
  A rust devil (Depths:3)
  10 elephants
  An apocalypse crab (Shoals:3)
  7 water nymphs
  2 smoke demons
  15 vault sentinels
  3 orange demons
  A cane toad (shapeshifter) (Depths:5)
  A gargoyle (D:11)
  15 naga magi
  4 molten gargoyles (D:13)
  A hellion (D:12)
  A kobold demonologist (D:14)
  11 cane toads
  5 efreet
  5 freezing wraiths
  7 komodo dragons
  5 tengu conjurers
  2 ancient zymes
  A rime drake (Lair:5)
  38 yaktaurs
  6 ice devils
  2 merfolk (shapeshifter)
  A hellwing (Depths:3)
  18 merfolk
  A jumping spider (Vaults:4)
  A polar bear (shapeshifter) (Vaults:5)
  5 meliai (Abyss:3)
  10 trolls
  A queen bee (Abyss:3)
  A tengu simulacrum (Depths:4)
  A polar bear (Lair:3)
  2 raiju (shapeshifter)
  5 raiju (Abyss:3)
  18 slime creatures
  4 wind drakes
  8 hornets
  3 saltlings (Elf:1)
  10 snapping turtles
  A wind drake (shapeshifter) (D:14)
  9 dream sheep
  An ettin zombie (D:15)
  34 blink frogs
  A stone giant simulacrum (Abyss:3)
  3 redbacks (Vaults:4)
  A vampire (D:14)
  2 shadows
  A tarantella (shapeshifter) (D:14)
  8 air elementals
  3 ynoxinuls (Lair:6)
  7 spriggans
  79 yaks
  4 wraiths
  13 small abominations
  7 fire elementals
  5 basilisks
  16 water elementals
  6 large abominations
  A chaos spawn (Lair:6)
  2 neqoxecs
  11 vampire mosquitoes
  A death yak simulacrum (IceCv)
  An elf simulacrum (Depths:4)
  2 steam dragons
  9 wargs
  A spatial vortex (Abyss:3)
  41 nagas
  Edmund (D:5)
  2 acid dragons
  20 water moccasins
  A floating eye (Depths:5)
  30 orc warriors
  A sky beast (D:6)
  A hell hound (Abyss:3)
  4 black bears
  7 ogres
  A necrophage (D:4)
  4 boggarts (Vaults:1)
  An ogre (shapeshifter) (Lair:6)
  3 ice beasts
  10 wolves (Lair:1)
  A centaur (shapeshifter) (Depths:3)
  19 centaurs
  A phantom (D:4)
  2 kobold brigands
  11 bullfrogs
  3 gnoll sergeants
  An earth elemental (Elf:1)
  A cane toad simulacrum (IceCv)
  A water moccasin skeleton (D:5)
  7 killer bees
  A tengu skeleton (D:15)
  6 howler monkeys
  4 electric eels
  3 centaur zombies
  An iron imp (Abyss:3)
  23 jellies
  A bullfrog skeleton (D:4)
  2 hounds (D:5)
  17 orc priests
  A centaur skeleton (D:5)
  2 iguanas (D:5)
  23 orc wizards
  A spriggan simulacrum (IceCv)
  A troll simulacrum (IceCv)
  A mummy (D:4)
  2 howler monkey zombies
  10 adders
  16 gnolls
  4 naga simulacra (IceCv)
  2 shadow imps
  6 ufetubi
  A worm (D:2)
  5 dart slugs
  83 orcs
  3 bats
  7 endoplasms
  3 giant cockroaches
  12 goblins
  15 hobgoblins
  4 jackals
  4 quokkas
  8 ball pythons
  9 frilled lizards
  23 kobolds
  4 rats
  A bush (Lair:4)
  A lurking horror (Zot:4)
  A plant (Shoals:3)
  5 starspawn tentacles (Abyss:3)
  2 tentacles
2104 creatures vanquished.

Vanquished Creatures (collateral kills)
  Margery (Vaults:4)
  Jory (Vaults:5)
  A shadow dragon (Vaults:5)
  3 nagarajas
  An orc warlord (Orc:1)
  3 naga warriors
  Erica (D:9)
  3 anacondas (Snake:4)
  A two-headed ogre (D:10)
  A satyr (Shoals:3)
  An orc high priest (Orc:2)
  An ironbound beastmaster (Vaults:4)
  A naga sharpshooter (Snake:4)
  The ghost of Gilette the Thaumaturge, a novice DEIE of Vehumet (D:10)
  3 sea snakes (Snake:4)
  An orc knight (Bailey)
  2 mana vipers
  A deep elf pyromancer (Elf:1)
  An orc sorcerer (Orc:2)
  A necromancer (Vaults:4)
  A cyclops (Shoals:3)
  A manticore (Shoals:3)
  4 guardian serpents (Snake:4)
  A water nymph (shapeshifter) (Lair:6)
  7 naga magi
  A cane toad (Lair:2)
  A wind drake (Shoals:3)
  A dream sheep (Shoals:3)
  A snapping turtle (Shoals:3)
  A wraith (D:14)
  A yak (D:9)
  4 nagas
  4 orc warriors
  A howler monkey (D:10)
  4 gnolls (D:11)
  5 orcs
67 creatures vanquished.

Vanquished Creatures (others)
  An eldritch tentacle (Zot:5)
  A deep elf demonologist (Elf:3)
  2 deep elf high priests (Elf:3)
  3 deep elf knights
  A deep elf archer (Elf:3)
  2 deep elf pyromancers (Elf:3)
  A deep elf zephyrmancer (Elf:3)
  A black mamba (Snake:1)
  A blink frog (Lair:6)
  A water elemental (Depths:5)
  A golden eye (shapeshifter) (Abyss:3)
  A vampire mosquito (D:9)
  A killer bee (D:9)
  2 orc priests
  3 orcs (Elf:1)
  33 fungi
  A lurking horror (Zot:4)
  299 plants
  6 starspawn tentacles (Abyss:3)
  11 tentacles
  5 withered plants (D:15)
377 creatures vanquished.

Grand Total: 2548 creatures vanquished

Notes
Turn   | Place    | Note
-------+----------+-------------------------------------------
     0 | D:1      | hypergardens the Minotaur Fighter began the quest for the
                  | Orb.
     0 | D:1      | Reached XP level 1. HP: 19/19 MP: 0/0
   346 | D:1      | Reached XP level 2. HP: 27/27 MP: 1/1
   368 | D:1      | Reached skill level 3 in Axes
   862 | D:1      | Reached XP level 3. HP: 32/34 MP: 2/2
   948 | D:1      | Found a faded altar of an unknown god.
  1324 | D:2      | You fall into a shaft and drop 2 floors!
  1388 | D:4      | Identified a scroll of acquirement
  1388 | D:4      | Acquired an amulet of regeneration
  1476 | D:3      | Reached skill level 4 in Axes
  1483 | D:3      | Reached XP level 4. HP: 16/41 MP: 3/3
  1493 | D:4      | Reached skill level 5 in Fighting
  1722 | D:2      | Reached XP level 5. HP: 47/48 MP: 4/4
  1976 | D:3      | Reached skill level 5 in Axes
  2409 | D:4      | Found a shimmering altar of Xom.
  2428 | D:4      | Noticed a necrophage
  2439 | D:4      | Killed a necrophage
  2440 | D:4      | Reached skill level 6 in Axes
  2440 | D:4      | Reached XP level 6. HP: 52/57 MP: 5/5
  2817 | D:4      | Found a snail-covered altar of Cheibriados.
  2914 | D:5      | Entered Level 5 of the Dungeon
  2971 | D:5      | Reached skill level 7 in Axes
  3191 | D:5      | Reached XP level 7. HP: 64/64 MP: 6/6
  3272 | D:5      | Reached skill level 8 in Axes
  3622 | D:5      | Reached skill level 9 in Axes
  3622 | D:5      | Reached XP level 8. HP: 74/74 MP: 7/7
  3890 | D:6      | Reached skill level 10 in Axes
  4191 | D:6      | Noticed Edmund
  4259 | D:5      | Killed Edmund
  4260 | D:5      | Reached skill level 11 in Axes
  4384 | D:6      | Noticed a deep elf pyromancer
  4394 | D:6      | Killed a deep elf pyromancer
  4395 | D:6      | Reached XP level 9. HP: 54/84 MP: 8/8
  4955 | D:7      | Found a radiant altar of Vehumet.
  5014 | D:7      | Found an opulent altar of Gozag.
  5061 | D:7      | Found a staircase to the Ecumenical Temple.
  5081 | Temple   | Entered the Ecumenical Temple
  5228 | Temple   | Became a worshipper of Makhleb the Destroyer
  5340 | D:7      | Found an ancient bone altar of Kikubaaqudgha.
  5881 | D:7      | Reached skill level 12 in Axes
  6014 | D:8      | Paralysed by a hornet for 2 turns
  6116 | D:8      | Found Oxzi's Lightly-Used Armoury.
  6126 | D:8      | Found a shadowy altar of Dithmenos.
  6136 | D:8      | Reached skill level 10 in Fighting
  6254 | D:8      | Found a staircase to the Lair.
  6286 | D:8      | Reached skill level 13 in Axes
  6398 | D:8      | Reached * piety under Makhleb
  6946 | Lair:1   | Entered Level 1 of the Lair of Beasts
  6963 | Lair:1   | Noticed a komodo dragon
  7048 | Lair:1   | Reached XP level 10. HP: 69/94 MP: 9/9
  7066 | Lair:1   | Reached skill level 14 in Axes
  7260 | Lair:1   | Reached skill level 1 in Invocations
  7268 | Lair:1   | Reached skill level 15 in Axes
  7289 | Lair:1   | Reached ** piety under Makhleb
  7395 | Lair:1   | Reached XP level 11. HP: 101/104 MP: 10/12
  7575 | Lair:1   | Noticed a seven-headed hydra
  7625 | Lair:1   | Found a transporter.
  7627 | Lair:1   | Found a transporter.
  7718 | Lair:1   | Noticed a boulder beetle
  7755 | Lair:1   | Killed a seven-headed hydra
  7756 | Lair:1   | Reached skill level 16 in Axes
  7756 | Lair:1   | Reached skill level 5 in Invocations
  8497 | Lair:2   | Found a gate leading to a gauntlet.
  8569 | Lair:2   | Identified the +0 robe of an ossuary {-Tele Will+ Int+5}
  8583 | Lair:2   | Found a staircase to the Shoals.
  8645 | Lair:2   | Noticed a six-headed hydra
  8655 | Lair:2   | Killed a seven-headed hydra
  9801 | Lair:4   | Noticed a death yak
  9826 | Lair:4   | Reached XP level 12. HP: 83/111 MP: 18/18
  9827 | Lair:4   | Reached skill level 10 in Invocations
  9837 | Lair:4   | Noticed a death yak
  9838 | Lair:4   | Noticed a death yak
  9839 | Lair:4   | Noticed a death yak
  9845 | Lair:4   | Noticed a death yak
  9846 | Lair:4   | Reached *** piety under Makhleb
 10057 | Lair:2   | Acquired a manual of Crossbows
 10173 | Lair:4   | Reached skill level 1 in Crossbows
 10407 | Lair:4   | Acquired the amulet "Kaghenam" {Spirit rPois Int+3 Slay+2
                  | Stlth+}
 11460 | Lair:4   | Killed a death yak
 11678 | Lair:4   | Found a staircase to the Snake Pit.
 11695 | Lair:4   | Reached skill level 5 in Armour
 11789 | Lair:4   | Reached skill level 5 in Shields
 12153 | Lair:5   | Reached skill level 5 in Crossbows
 12177 | Lair:5   | Noticed a four-headed hydra
 12191 | Lair:5   | Killed a four-headed hydra
 12191 | Lair:5   | Reached **** piety under Makhleb
 12445 | Lair:5   | Found a runed translucent door.
 12445 | Lair:5   | Noticed a boulder beetle
 12446 | Lair:5   | Noticed Isinocoe's ghost (journeyman VSEn)
 12879 | Lair:5   | Reached XP level 13. HP: 119/119 MP: 20/20
 13674 | Lair:6   | Entered Level 6 of the Lair of Beasts
 15303 | Lair:6   | Found a viscous altar of Jiyva.
 15303 | Lair:6   | Found a staircase to the Slime Pits.
 15810 | Lair:6   | Reached skill level 17 in Axes
 16706 | Lair:6   | Reached ***** piety under Makhleb
 16850 | Lair:6   | HP: 6/123 [poisoned by a swamp dragon (poison gas)]
 17442 | Lair:6   | Reached XP level 14. HP: 100/130 MP: 13/21
 17744 | Lair:6   | Found a corrupted altar of Lugonu.
 17744 | Lair:6   | Found a one-way gate to the infinite horrors of the Abyss.
 18225 | D:9      | Noticed Erica
 18236 | D:9      | Killed Erica
 18330 | D:9      | Found a staircase to the Orcish Mines.
 18619 | D:10     | Entered Level 10 of the Dungeon
 19090 | D:10     | Noticed Gilette's ghost (novice DEIE)
 19101 | D:10     | Found a runed translucent gate.
 19101 | D:10     | Found a runed translucent gate.
 19103 | D:10     | Found a runed translucent gate.
 19187 | D:10     | Killed Gilette's ghost
 19417 | D:10     | Reached skill level 10 in Armour
 19716 | D:11     | Found a frozen archway.
 19727 | D:11     | Reached skill level 10 in Shields
 19744 | IceCv    | Entered an ice cave
 20857 | D:11     | Reached skill level 18 in Axes
 21215 | D:12     | Identified the +1 ring mail "Qull" {rN+ MP+9}
 22101 | D:13     | Noticed Erolcha
 22110 | D:13     | Killed Erolcha
 22513 | D:13     | Noticed Snorg
 22529 | D:13     | Killed Snorg
 22530 | D:13     | Reached skill level 15 in Fighting
 22712 | D:13     | Noticed Rupert
 22727 | D:13     | Killed Rupert
 23247 | D:13     | Reached XP level 15. HP: 129/141 MP: 18/22
 23588 | D:14     | Found a gate to the Vaults.
 24242 | D:14     | Found the +18 shield of the Gong {rElec rN+ Will+ EV-5}
 24246 | D:14     | Found a stormy altar of Qazlal.
 25197 | D:15     | Entered Level 15 of the Dungeon
 25599 | D:15     | Found a staircase to the Depths.
 25958 | Orc:1    | Entered Level 1 of the Orcish Mines
 26021 | Orc:1    | You fall into a shaft and drop 1 floor!
 26021 | Orc:2    | Entered Level 2 of the Orcish Mines
 26024 | Orc:2    | Found Xopteom's Armour Boutique.
 26237 | Orc:1    | Found a flagged portal.
 26246 | Bailey   | Entered a bailey
 26916 | Orc:1    | Reached skill level 19 in Axes
 27003 | Orc:1    | Noticed an orc warlord
 27059 | Orc:1    | Killed an orc warlord
 27348 | Orc:2    | Paralysed by an orc sorcerer for 4 turns
 27659 | Orc:2    | Found a staircase to the Elven Halls.
 27745 | Orc:2    | Bought a +2 pair of gloves for 181 gold pieces
 27798 | Orc:2    | Found Heluorur's Jewellery Shoppe.
 27844 | Orc:2    | Found Luenn's Armour Boutique.
 27907 | Orc:2    | Paralysed by an orc sorcerer for 5 turns
 28428 | Orc:2    | Reached XP level 16. HP: 126/144 MP: 19/23
 28821 | Orc:2    | Found Bome's Armour Shoppe.
 28832 | Orc:2    | Found Mer Wisk's Armour Boutique.
 28873 | Orc:2    | Bought the ring of Namihir {Fly Int+3 Slay+4} for 1214 gold
                  | pieces
 28887 | Orc:2    | Bought the +5 plate armour of Wicked Creativity {rF+ Int+2}
                  | for 926 gold pieces
 29310 | Snake:1  | Entered Level 1 of the Snake Pit
 29958 | Snake:1  | Found Ishre's Book Emporium.
 29963 | Snake:1  | Found Utibb's General Store.
 29963 | Snake:1  | Found Biskumei's Armour Emporium.
 29966 | Snake:1  | Found Jahuc's Magic Scroll Shoppe.
 30068 | Snake:2  | Reached skill level 1 in Evocations
 30094 | Snake:1  | Reached ****** piety under Makhleb
 30809 | Snake:1  | Upgraded the game from 0.27-a0-1595-g0b823d0a13 to
                  | 0.27-a0-1597-ge58577e147
 31420 | Snake:2  | Reached skill level 5 in Evocations
 33530 | Snake:3  | Found a shimmering blue altar of Sif Muna.
 33853 | Snake:4  | Entered Level 4 of the Snake Pit
 34213 | Snake:4  | Reached XP level 17. HP: 133/159 MP: 19/24
 34522 | Snake:4  | Noticed Agnes
 34538 | Snake:4  | Killed Agnes
 35316 | Snake:4  | Reached skill level 10 in Evocations
 35937 | Snake:4  | Gained mutation: You are dopey. (Int -2) [a cacodemon]
 35947 | Snake:4  | Gained mutation: Your spells are a little harder to cast,
                  | but a little more powerful. [a cacodemon]
 36681 | Snake:4  | Got a serpentine rune of Zot
 37353 | Shoals:1 | Entered Level 1 of the Shoals
 37429 | Shoals:1 | Noticed Frances
 37452 | Shoals:1 | Killed Frances
 37733 | Shoals:1 | Noticed a kraken
 37747 | Shoals:1 | Killed a kraken
 39578 | Shoals:3 | Found a transporter.
 39616 | Shoals:3 | Noticed a profane servitor
 39621 | Shoals:3 | Identified the +5 dagger of Pyacetir {drain, Dex+4}
 39723 | Shoals:3 | Found a transporter.
 39842 | Shoals:3 | Reached XP level 18. HP: 158/169 MP: 21/25
 40738 | Shoals:3 | Noticed Froggeryz's ghost (journeyman FeBe)
 40802 | Shoals:3 | Reached skill level 20 in Axes
 41041 | Shoals:4 | Entered Level 4 of the Shoals
 41525 | Shoals:4 | Got a barnacled rune of Zot
 42457 | Shoals:4 | Got the Compendium of Transmutation and Malediction
 43678 | Vaults:1 | Entered Level 1 of the Vaults
 43742 | Vaults:1 | Reached skill level 10 in Crossbows
 43867 | Vaults:1 | Paralysed by a sphinx for 5 turns
 45791 | Vaults:1 | Reached skill level 15 in Armour
 45873 | Vaults:1 | Reached skill level 15 in Shields
 46610 | Vaults:1 | Reached XP level 19. HP: 179/179 MP: 26/26
 46879 | Vaults:2 | Found a gateway to a bazaar.
 46884 | Vaults:2 | Identified the +8 falchion of the Gloaming {venom, rN+
                  | Will+ Str-5 Dex+2}
 46892 | Bazaar   | Entered a bazaar
 46906 | Bazaar   | Found Vairo's Magic Scroll Shoppe.
 46906 | Bazaar   | Found Xinelil's Jewellery Emporium.
 46928 | Bazaar   | Found Ovuhoseo's Assorted Antiques.
 46928 | Bazaar   | Found Ufadwa's Armour Emporium.
 46950 | Bazaar   | Found Kujaproi's Magic Scroll Emporium.
 47012 | Bazaar   | Bought the +0 cloak "Huvurr" {Slay+2} for 199 gold pieces
 47037 | Bazaar   | Bought a +4 ring of slaying for 780 gold pieces
 47226 | Vaults:2 | Noticed Xtahua
 47465 | Vaults:2 | Found a staircase to the Crypt.
 48101 | Vaults:2 | Killed Xtahua
 48286 | Vaults:2 | Identified the +8 morningstar of the Boiling Point {freeze,
                  | Drain rC+ SInv}
 48937 | Vaults:3 | Paralysed by a sphinx for 6 turns
 50309 | Vaults:3 | Reached skill level 21 in Axes
 50498 | Vaults:3 | Reached skill level 1 in Dodging
 50854 | Vaults:4 | Paralysed by a great orb of eyes for 5 turns
 51038 | Vaults:4 | HP: 9/181 [ironbound thunderhulk/bolt of lightning (35)]
 51454 | Vaults:4 | Reached XP level 20. HP: 162/189 MP: 21/27
 52320 | Vaults:4 | Noticed Sojobo
 52670 | Vaults:4 | Noticed Margery
 52680 | Vaults:4 | Killed Margery
 52681 | Vaults:4 | Reached skill level 5 in Dodging
 53005 | Vaults:4 | Killed Sojobo
 53163 | Vaults:4 | Noticed an ancient lich
 53178 | Vaults:4 | Killed an ancient lich
 53539 | Vaults:5 | Entered Level 5 of the Vaults
 53547 | Vaults:5 | Noticed an ancient lich
 53547 | Vaults:5 | Noticed a golden dragon
 53573 | Vaults:5 | Noticed a golden dragon
 53617 | Vaults:5 | Killed a golden dragon
 53846 | Vaults:5 | Identified the ring "Diew Nuf" {Str+5 SInv}
 53997 | Vaults:5 | Reached XP level 21. HP: 151/198 MP: 24/28
 54207 | Vaults:5 | Killed a golden dragon
 54377 | Vaults:5 | Noticed a golden dragon
 54392 | Vaults:5 | Killed a golden dragon
 54394 | Vaults:5 | Identified the +6 hand crossbow of Vanity {speed, rF+
                  | Str+3}
 54622 | Vaults:5 | Noticed Jory
 54644 | Vaults:5 | Killed Jory
 54711 | Vaults:5 | Noticed Frederick
 55024 | Vaults:5 | Reached skill level 10 in Dodging
 55416 | Vaults:5 | Identified the +1 hand crossbow of Patterns {penet, Int+4}
 55431 | Vaults:5 | Identified the +9 halberd of Olyuhoqig {vorpal, Dex+3}
 55438 | Vaults:5 | Killed an ancient lich
 55460 | Vaults:5 | Reached skill level 22 in Axes
 55460 | Vaults:5 | Identified the +7 hand crossbow of the Boiling Point
                  | {vorpal, Str+2 Int+4}
 56058 | Vaults:5 | Killed Frederick
 56292 | Vaults:5 | Got Wiacs's Papyrus of Nocuous Snow
 56362 | Vaults:5 | Identified the +1 ring mail "Giterr" {Harm Int+4}
 56495 | Vaults:5 | Noticed a golden dragon
 56503 | Vaults:5 | Killed a golden dragon
 56507 | Vaults:5 | Got a silver rune of Zot
 57130 | Elf:1    | Entered Level 1 of the Elven Halls
 57156 | Elf:1    | Reached XP level 22. HP: 179/209 MP: 23/29
 57434 | Elf:1    | Paralysed by an air elemental for 1 turns
 57735 | Elf:1    | Paralysed by an air elemental for 1 turns
 57740 | Elf:1    | Paralysed by an air elemental for 1 turns
 58440 | Elf:1    | Found a runed translucent gate.
 58440 | Elf:1    | Found a runed translucent gate.
 58440 | Elf:1    | Found a runed translucent gate.
 58440 | Elf:1    | Found a runed translucent gate.
 58440 | Elf:1    | Found a runed translucent gate.
 58441 | Elf:1    | Found a runed translucent gate.
 59054 | Elf:2    | Identified the +3 hand axe of Zebas {flame, rPois rC++
                  | Int-5 Stlth+}
 59306 | Elf:2    | Paralysed by an air elemental for 1 turns
 59523 | Elf:2    | Paralysed by an air elemental for 1 turns
 59643 | Elf:2    | Found a runed translucent gate.
 59644 | Elf:2    | Found a runed translucent gate.
 59644 | Elf:2    | Found a runed translucent gate.
 60227 | Elf:3    | Entered Level 3 of the Elven Halls
 60347 | Elf:3    | Found Lamnek's Weapon Boutique.
 60403 | Elf:3    | Paralysed by an air elemental for 1 turns
 60592 | Elf:3    | Paralysed by an air elemental for 1 turns
 60781 | Elf:3    | Cast into level 3 of the Abyss (a deep elf sorcerer)
 60811 | Abyss:3  | Found a corrupted altar of Lugonu.
 61233 | Abyss:3  | Got an abyssal rune of Zot
 61258 | Elf:3    | Escaped the Abyss
 61259 | Elf:3    | Paralysed by an air elemental for 1 turns
 61289 | Elf:3    | Noticed Nikola
 61304 | Elf:3    | Cast into level 3 of the Abyss (a deep elf sorcerer)
 61324 | Abyss:3  | Reached XP level 23. HP: 88/217 MP: 30/30
 61522 | Abyss:3  | Gained mutation: You are frail. (-10% HP) [a neqoxec]
 61605 | Elf:3    | Escaped the Abyss
 61605 | Elf:3    | Identified the ring of the Leaf {Fire rPois rCorr Int-3}
 62073 | Depths:1 | Entered Level 1 of the Depths
 62077 | Depths:1 | Found a blossoming altar of Fedhas.
 62104 | Depths:1 | Found a gateway to Hell.
 63318 | Elf:3    | Killed Nikola
 63319 | Elf:3    | Reached skill level 23 in Axes
 63323 | Elf:3    | Reached skill level 15 in Dodging
 63456 | Elf:3    | Identified the amulet of Lies {Reflect rC+ Str+7 SH+5}
 63547 | Elf:3    | Identified the +9 hand crossbow "Kago Dutibigg" {elec,
                  | rElec rF++ Int+9 Dex-2}
 63595 | Elf:3    | Identified the +3 kite shield of the Eternal Fruit {Str+4}
 64091 | Depths:1 | Found a gateway to a ziggurat.
 64146 | Depths:1 | Found a runed translucent door.
 64561 | Depths:1 | Reached skill level 15 in Crossbows
 64983 | Depths:2 | Noticed a juggernaut
 64991 | Depths:2 | Killed a juggernaut
 65056 | Depths:2 | Noticed Aizul
 65067 | Depths:2 | Killed Aizul
 65398 | Depths:2 | Found a one-way gate leading to the halls of Pandemonium.
 65453 | Depths:2 | Found Toifyic's Jewellery Shoppe.
 65455 | Depths:2 | Found Hiexeoc's Book Emporium.
 65458 | Depths:2 | Found Ykhuqeiz's Armour Shoppe.
 65912 | Shoals:3 | Killed Froggeryz's ghost
 66143 | Snake:1  | Bought a scroll of teleportation for 54 gold pieces
 66143 | Snake:1  | Bought a scroll of teleportation for 54 gold pieces
 66143 | Snake:1  | Bought a scroll of silence for 135 gold pieces
 66143 | Snake:1  | Bought a scroll of teleportation for 54 gold pieces
 66143 | Snake:1  | Bought a scroll of fog for 36 gold pieces
 67193 | Depths:3 | Reached XP level 24. HP: 181/205 MP: 26/30
 67521 | Depths:3 | Noticed a juggernaut
 67530 | Depths:3 | Killed a juggernaut
 68162 | Depths:3 | Found an ancient bone altar of Kikubaaqudgha.
 68240 | Depths:4 | Found Weruck's Jewellery Shoppe.
 68241 | Depths:4 | Noticed a juggernaut
 68261 | Depths:4 | Killed a juggernaut
 68371 | Depths:4 | Found a broken altar of Ashenzari.
 68417 | Depths:4 | Found Mipilen's Weapon Shoppe.
 68537 | Depths:4 | Noticed a juggernaut
 68548 | Depths:4 | Killed a juggernaut
 68747 | Depths:4 | Noticed Louise
 68774 | Depths:4 | Killed Louise
 68932 | Depths:4 | Found Muykar's General Store.
 68950 | Depths:4 | Bought a potion of might for 88 gold pieces
 68950 | Depths:4 | Bought a potion of heal wounds for 110 gold pieces
 68961 | Depths:4 | Bought a scroll of enchant armour for 165 gold pieces
 69540 | Depths:5 | Entered Level 5 of the Depths
 69686 | Depths:5 | Identified the +1 plate armour of Agierun {rN+}
 69851 | Depths:5 | Reached XP level 25. HP: 186/214 MP: 21/30
 69953 | Depths:5 | Identified the ring "Qaesekko" {Will++ AC+4 Int+3 Stlth-}
 70107 | Depths:5 | Identified the +5 quarterstaff of Ras Ziod {pain, rN+}
 70166 | Depths:5 | Reached skill level 24 in Axes
 70167 | Depths:5 | Found a gate to the Realm of Zot.
 70425 | Depths:5 | Found a glowing golden altar of the Shining One.
 70854 | Zot:1    | Entered Level 1 of the Realm of Zot
 72036 | Zot:2    | Reached XP level 26. HP: 223/223 MP: 29/30
 73029 | Zot:5    | Entered Level 5 of the Realm of Zot
 75100 | Zot:4    | Found a corrupted altar of Lugonu.
 75801 | Zot:5    | Noticed an orb of fire
 75810 | Zot:5    | Gained mutation: Armour fits poorly on your strangely
                  | shaped body. [an orb of fire]
 75816 | Zot:5    | Lost mutation: Your spells are a little harder to cast, but
                  | a little more powerful. [an orb of fire]
 75823 | Zot:5    | Gained mutation: You occasionally shout uncontrollably at
                  | your foes. [an orb of fire]
 75833 | Zot:5    | Gained mutation: You expend magic power (3 MP) to
                  | strengthen your wands. [an orb of fire]
 75836 | Zot:5    | Killed an orb of fire
 76198 | Zot:5    | Lost mutation: You occasionally shout uncontrollably at
                  | your foes. [potion of mutation]
 76198 | Zot:5    | Lost mutation: You are dopey. (Int -2) [potion of mutation]
 76198 | Zot:5    | Lost mutation: You are frail. (-10% HP) [potion of
                  | mutation]
 76198 | Zot:5    | Lost mutation: Armour fits poorly on your strangely shaped
                  | body. [potion of mutation]
 76198 | Zot:5    | Gained mutation: You are weak. (Str -2) [potion of
                  | mutation]
 76198 | Zot:5    | Gained mutation: You have sharp toenails. [potion of
                  | mutation]
 76198 | Zot:5    | Gained mutation: You are agile. (Dex +2) [potion of
                  | mutation]
 76215 | Zot:5    | Noticed a dread lich
 76216 | Zot:5    | Noticed an orb of fire
 76248 | Zot:5    | Killed a dread lich
 76311 | Zot:5    | Reached XP level 27. HP: 184/258 MP: 19/30
 76416 | Zot:5    | Noticed an orb of fire
 76432 | Zot:5    | Killed an orb of fire
 76433 | Zot:5    | Reached skill level 25 in Axes
 76529 | Zot:5    | Noticed a dread lich
 76605 | Zot:5    | Noticed an orb of fire
 76623 | Zot:5    | Killed an orb of fire
 76877 | Zot:5    | Gained mutation: Your magical capacity is low. (-10% MP)
                  | [an orb of fire]
 76884 | Zot:5    | Killed an orb of fire
 76943 | Zot:5    | Noticed an ancient lich
 76967 | Zot:5    | Killed an ancient lich
 77058 | Zot:5    | Killed a dread lich
 77224 | Zot:5    | Noticed an orb of fire
 77224 | Zot:5    | Noticed a dread lich
 77244 | Zot:5    | Gained mutation: You are frail. (-10% HP) [an orb of fire]
 77248 | Zot:5    | Killed an orb of fire
 77258 | Zot:5    | Noticed an orb of fire
 77290 | Zot:5    | Noticed an ancient lich
 77307 | Zot:5    | Killed a dread lich
 77311 | Zot:5    | Gained mutation: You are very frail. (-20% HP) [an orb of
                  | fire]
 77316 | Zot:5    | Lost mutation: You are agile. (Dex +2) [an orb of fire]
 77338 | Zot:5    | Gained mutation: Armour fits poorly on your strangely
                  | shaped body. [an orb of fire]
 77340 | Zot:5    | Gained mutation: You are very weak. (Str -4) [an orb of
                  | fire]
 77341 | Zot:5    | Gained mutation: Your body sometimes deteriorates upon
                  | taking damage. [an orb of fire]
 77344 | Zot:5    | Killed an orb of fire
 77395 | Zot:5    | Killed an ancient lich
 77422 | Zot:5    | Lost mutation: You have sharp toenails. [potion of
                  | mutation]
 77422 | Zot:5    | Lost mutation: You expend magic power (3 MP) to strengthen
                  | your wands. [potion of mutation]
 77422 | Zot:5    | Gained mutation: You are strong-willed. (Will+) [potion of
                  | mutation]
 77423 | Zot:5    | Lost mutation: Your body sometimes deteriorates upon taking
                  | damage. [potion of mutation]
 77423 | Zot:5    | Lost mutation: You are very weak. (Str -4) [potion of
                  | mutation]
 77423 | Zot:5    | Gained mutation: You have a beak for a mouth. [potion of
                  | mutation]
 77423 | Zot:5    | Gained mutation: You are somewhat resistant to further
                  | mutation. [potion of mutation]
 77719 | Zot:5    | Got the Orb of Zot
 77879 | Depths:4 | Noticed Hopiplyle the pandemonium lord
 78045 | D:11     | Noticed Qicoyd the pandemonium lord
 78276 | D:$      | Escaped with the Orb!

Illustrated notes

Levels and vault maps discovered:
D:1:      heliophobic_arrival_henge, layout_basic,
          shapermc_ecumenical_altar_hornbeckon, minmay_lizard_pond
D:2:      layout_loops_ring
D:3:      layout_rooms
D:4:      layout_basic, lemuel_coloured_pillars_altar, slow_altar_2
D:5:      minmay_bubble_buster, layout_basic, corexii_item_surrounded_by_moat
D:6:      layout_loops_ring, guppyfry_early_elven_hall, uniq_edmund
D:7:      layout_loops_ring, mainiacjoe_overflow_brackets,
          mainiacjoe_overflow_two_lobes, minmay_temple_entry_statues_pillars
D:8:      layout_loops_ring, grunt_dithmenos_smoke, erik_lair_orcish_takeover,
          minmay_shop_damaged, hangedman_decor_diamond_cutter,
          wad_floor_pattern_untrapped
D:9:      layout_cross, minmay_orc_entry_guard_dogs,
          onia_ninara_dug_in_and_dangerous, uniq_erica
D:10:     layout_roguey, gammafunk_ghost_split, palyth_stone_intersect,
          serial_bayou_pond_b, kennysheep_generic_room_12
D:11:     layout_irregular_city, portal_ice_cave_demonic_guard
D:12:     layout_grid_maze, special_room [special_room_orc]
D:13:     cheibrodos_statue_roulette, layout_gridville, uniq_snorg,
          uniq_erolcha, uniq_rupert
D:14:     layout_loops_corners, skrybe_vaults_entry_preservation,
          grunt_qazlal_clouds
D:15:     gammafunk_depths_entry_grave, layout_rooms, minivault_4
Temple:   regret_index_temple_sphere_string
Lair:1:   gammafunk_boulding_lane, layout_regular_city, grunt_megastairs_2
Lair:2:   layout_cellular_growth, elwin_shoals_entry_stream,
          gauntlet_entry_generic
Lair:3:   layout_gridlike
Lair:4:   layout_gridlike, guppyfry_snake_entry_garden, minivault_11,
          bh_autumn_forest_stairs, minmay_lair_oklob_bushes
Lair:5:   layout_roguey, ebering_ghost_inner_flame,
          chequers_serial_rivers_micro_e
Lair:6:   hellmonk_lair_end_abyssal_woods, layout_loops_ring,
          dpeg_slime_entry_enclosed_altar, infiniplex_staircase_pool
Shoals:1: layout_shoals, uniq_frances
Shoals:2: layout_shoals
Shoals:3: layout_shoals, gammafunk_ghost_abyssal_escape,
          nicolae_shoals_water_booths
Shoals:4: shoals_end_grunt_garden, layout_shoals, nicolae_shoals_secluded_bog
Snake:1:  layout_basic, hangedman_venom_bottle, minmay_shoptagon
Snake:2:  layout_onion_interference, serial_bayou_shore_b
Snake:3:  layout_chambers, basic_altar
Snake:4:  grunt_snake_rune_pools, layout_cave_town, nicolae_snake_coiling_death,
          lemuel_fruit_tree, uniq_agnes
Orc:1:    layout_caves, basic_altar, enter_bailey_8
Orc:2:    st_orc_elflike, layout_caves, guppyfry_orc_lava_fort
Elf:1:    layout_gridlike, portal_desolation_entry_nicolae_nacl, orc_legates,
          drop_trap, minmay_misc_feat_alley, minivault_16, st_stairs_5
Elf:2:    nicolae_elf_blades_crystal_corner, layout_rooms, uniq_louise
Elf:3:    minmay_elf_hall, layout_geoelf_octagon, serial_shops,
          nicolae_shop_stone, st_stairs_12, hangedman_elf_targetted_burst,
          minivault_28, uniq_nikola
Vaults:1: nicolae_vaults_little_squares_6, nicolae_vaults_ring_of_whatevers,
          vaults_room_pool, hangedman_vaults_stream, v_misc_8,
          nicolae_vaults_asterisk, ontoclasm_vaults_misaligned,
          nicolae_vaults_little_ls, nicolae_vaults_know_your_exits,
          nicolae_vaults_mini_display_case, nicolae_vaults_ring_of_whatevers,
          dpeg_vaults_monster_row, grunt_vaults_hallway_short,
          layout_vaults_omnicross
Vaults:2: v_misc_24, minmay_crypt_entry_simple_sparse, vaults_room_fours,
          nicolae_vaults_asterisk, v_misc_28, nicolae_vaults_network_quinsquares
          [nicolae_vaults_network_quincunx_subvault,
          nicolae_vaults_network_quincunx_subvault,
          nicolae_vaults_network_quincunx_subvault,
          nicolae_vaults_network_quincunx_subvault], nicolae_vaults_theta,
          vaults_dpeg_ring, layout_vaults_quadrants, serial_shops, statue_bzr,
          uniq_xtahua
Vaults:3: ontoclasm_vaults_gateway, v_misc_19, nicolae_vaults_little_squares_1,
          dpeg_vaults_monster_box, vaults_mumra_lcd, vaults_room_fancy_cross,
          grunt_vaults_diagonal, ontoclasm_vaults_eye, vaults_room_ringed_pool,
          v_pattern_4, v_misc_4, ontoclasm_vaults_gallery,
          nicolae_vaults_network_barrier, layout_vaults_big_room
Vaults:4: ontoclasm_vaults_misaligned, hangedman_vaults_maws, v_misc_12,
          grunt_vaults_swirl, vaults_room_door_hall, grunt_vaults_trifunnel,
          vaults_mumra_hex, kb_rosetta, ontoclasm_vaults_idyll,
          ontoclasm_vaults_loading_screen, layout_vaults_omnibox, uniq_sojobo,
          uniq_margery
Vaults:5: uniq_jory, uniq_frederick
Depths:1: layout_gridlike, enter_ziggurat_a, fedhas_altar_2, abyss_entry,
          hell_entry, lightli_giant_bouncers, serial_bayou_shore_a
Depths:2: minmay_mutant_horseshoe, layout_cave_shapes, abyss_entry_glasseish,
          grunt_decor_junction, pf_hell_entry_great_geh, rand_demon_pan_entry_3,
          minmay_shop_star, infiniplex_staircase_zigzag_4, uniq_aizul
Depths:3: minmay_dotted_concentric_squares, layout_basic,
          grunt_pan_entry_sceptre, kiku_gazebo_pond_becter, hell_entry,
          serial_corexii_hall, corexii_hall_statues_s,
          chequers_hall_statues_wall_a
Depths:4: cheibrodos_salmonella, layout_cave_pools, hell_entry,
          nicolae_abyss_entry_one_way_or_another, serial_shops,
          nicolae_diamond_shop, nicolae_shop_waterfront, nicolae_shop_crystal,
          ashenzari_altar_1
Depths:5: grunt_zot_entry_bicorn, layout_gridlike, tso_metal_star,
          lightli_too_deep
Zot:1:    layout_basic
Zot:2:    lemuel_acid_trip, layout_cathedral_of_symmetry
Zot:3:    layout_basic, hangedman_elemental_corridor
Zot:4:    kennysheep_six_static_rooms, layout_basic, grunt_ministairs_9,
          st_small_dragon_hoard_1, amcnicky_altar_lugonu_corruption
Zot:5:    layout_twisted_circle

Skill      XL: |  1  2  3  4  5  6  7  8  9 10 11 12 13 14 15 16 17 18 19 20 21 22 23 24 25 26 27 |
---------------+----------------------------------------------------------------------------------+-----
Fighting       | 4 5 6 7 9 10 11 12 13 15 16 17 18 19 20 21 22 23 24 | 24.0
Axes           | 3 4 6 7 9 11 13 15 16 17 18 19 20 21 22 23 24 25 | 25.6
Invocations    | 2 9 11 | 11.7
Crossbows      | 6 7 11 14 15 16 17 18 | 18.9
Armour         | 6 9 11 12 13 14 15 16 17 18 19 20 21 22 | 22.4
Shields        | 6 9 11 12 13 15 16 17 18 19 20 21 22 | 22.4
Evocations     | 8 12 | 12.0
Dodging        | 2 8 12 14 16 17 19 20 22 | 22.0

Action                   |  1- 3 |  4- 6 |  7- 9 | 10-12 | 13-15 | 16-18 | 19-21 | 22-24 | 25-27 || total
-------------------------+-------+-------+-------+-------+-------+-------+-------+-------+-------++-------
Melee: War axe           |    88 |   136 |   280 |   452 |   924 |   638 |       |       |       ||  2518
       Headbutt          |    15 |    25 |    45 |   112 |   304 |   302 |   243 |   304 |   306 ||  1656
       Broad axe         |       |       |       |       |   281 |   545 |   811 |  1061 |   923 ||  3621
       Unarmed           |       |       |       |       |       |       |       |       |     4 ||     4
       Peck              |       |       |       |       |       |       |       |       |     2 ||     2
 Fire: Hunting sling     |       |       |     7 |    24 |     2 |     1 |       |       |       ||    34
       Hand crossbow     |       |       |       |       |       |    70 |    47 |   148 |   147 ||   412
Throw: Dart              |       |       |     9 |     4 |     1 |     1 |       |       |       ||    15
       Throwing net      |       |       |     1 |       |       |       |       |       |       ||     1
Invok: Minor Destruction |       |       |       |     1 |    52 |    25 |       |       |       ||    78
       Lesser Servant of |       |       |       |       |    13 |    15 |     4 |       |       ||    32
       Greater Servant o |       |       |       |       |     6 |     5 |     3 |     1 |       ||    15
       Major Destruction |       |       |       |       |     1 |       |       |       |       ||     1
Evoke: Wand              |       |       |       |    11 |     1 |    22 |     4 |     5 |    15 ||    58
       Condenser vane    |       |       |       |     1 |     1 |       |     1 |     2 |     2 ||     7
       Box of beasts     |       |       |       |       |     1 |       |     1 |       |       ||     2
       Piece from Xom's  |       |       |       |       |       |     4 |       |       |       ||     4
       Phial of floods   |       |       |       |       |       |       |     3 |     1 |     1 ||     5
       Lightning rod     |       |       |       |       |       |       |       |     2 |       ||     2
  Use: Scroll            |     1 |    12 |     5 |    13 |    17 |     7 |    20 |    15 |    10 ||   100
       Potion            |       |       |     1 |     7 |     6 |     1 |    21 |     7 |     7 ||    50
 Stab: Petrified         |       |       |       |       |     2 |       |       |       |       ||     2
       Petrifying        |       |       |       |       |     1 |       |       |       |       ||     1
       Distracted        |       |       |       |       |     7 |     7 |     1 |       |       ||    15
       Paralysed         |       |       |       |       |       |     2 |     2 |     1 |       ||     5
Armor: Scale mail        |    16 |       |       |       |       |       |       |       |       ||    16
       Chain mail        |    24 |    70 |   126 |       |       |       |       |       |       ||   220
       Plate armour      |       |       |    18 |   204 |   394 |   515 |   265 |       |       ||  1396
       Gold dragon scale |       |       |       |       |       |       |    96 |   380 |   349 ||   825
Dodge: Dodged            |    26 |    27 |    70 |    99 |   350 |   229 |   104 |   152 |   137 ||  1194
Block: Kite shield       |    32 |    81 |   145 |   231 |   730 |   111 |       |   521 |  1027 ||  2878
       Tower shield      |       |       |       |       |       |  1138 |   711 |   486 |       ||  2335

Table legend: (Time is in decaauts)
 A = Elapsed time spent in this place.
 B = Non-inter-level travel time spent in this place.
 C = Inter-level travel time spent in this place.
 D = Time resting spent in this place.
 E = Time spent auto-exploring this place.
 F = Levels seen in this place.
 G = Mean time per level.
                   A        B        C        D        E       F      G
               +--------+--------+--------+--------+--------+-----+--------+
         Total |  77645 |  69798 |   7847 |  10759 |  42712 |  55 | 1411.7 |
       Dungeon |  17050 |  13496 |   3554 |    379 |  10120 |  15 | 1136.7 |
        Temple |    163 |    148 |     15 |      0 |    136 |   1 |  163.0 |
          Lair |  11865 |  10656 |   1209 |   1924 |   6391 |   6 | 1977.5 |
        Shoals |   6473 |   6088 |    385 |    696 |   3825 |   4 | 1618.2 |
     Snake Pit |   8312 |   7676 |    636 |   2058 |   4276 |   4 | 2078.0 |
  Orcish Mines |   2914 |   2701 |    213 |    649 |   1330 |   2 | 1457.0 |
   Elven Halls |   4551 |   4293 |    258 |    822 |   2364 |   3 | 1517.0 |
        Vaults |  11342 |  10742 |    600 |   2357 |   5945 |   5 | 2268.4 |
        Depths |   6410 |   5687 |    723 |    378 |   3953 |   5 | 1282.0 |
           Zot |   6707 |   6456 |    251 |   1292 |   3431 |   5 | 1341.4 |
         Abyss |    765 |    765 |      0 |      0 |    476 |   2 |  382.5 |
        Bazaar |    186 |    186 |      0 |      0 |     78 |   1 |  186.0 |
        Bailey |    419 |    419 |      0 |     83 |    205 |   1 |  419.0 |
      Ice Cave |    481 |    481 |      0 |    120 |    182 |   1 |  481.0 |
               +--------+--------+--------+--------+--------+-----+--------+

Top non-repeatable levels by time:
  Lair:6: 3188 daAuts
Vaults:5: 3186 daAuts
 Snake:4: 3152 daAuts
  Lair:5: 2773 daAuts
Vaults:4: 2365 daAuts
 Snake:1: 2360 daAuts
Vaults:3: 2300 daAuts
    D:14: 2299 daAuts
Shoals:3: 2255 daAuts
  Lair:4: 2132 daAuts
   Elf:1: 1977 daAuts
Vaults:2: 1866 daAuts
   Zot:5: 1829 daAuts
Depths:1: 1691 daAuts
  Lair:1: 1678 daAuts
